 Dungeon Crawl Stone Soup version 0.28-a0-1356-g2ad6d04315 (webtiles) character file.

Game seed: 14221657629056494613

11621 blank1 the Fighter (level 11, -5/110 HPs)
             Began as a Minotaur Fighter on Dec 31, 2021.
             Was a High Priest of Okawaru.
             Slain by a two-headed ogre (13 damage)
             ... on level 10 of the Dungeon.
             The game lasted 00:19:29 (12401 turns).

blank1 the Fighter (Minotaur Fighter)              Turns: 12401, Time: 00:19:30

Health: -5/110     AC: 16    Str: 24    XL:     11   Next: 51%
Magic:  13/13      EV:  9    Int:  5    God:    Okawaru [*****.]
Gold:   741        SH:  4    Dex: 11    Spells: 10/10 levels left

rFire   + . .      SeeInvis +   q - +7 short sword "Zapew" {holy, rElec rF+ rC+ rCorr}
rCold   + . .      Faith    .   c - +0 buckler
rNeg    . . .      Spirit   .   e - +0 plate armour
rPois   +          Reflect  .   (helmet restricted)
rElec   +          Harm     .   B - +1 cloak
rCorr   +          Rampage  .   (no gloves)
Will    .....                   (no boots)
Stlth   ..........              (no amulet)
HPRegen 0.28/turn               s - ring of poison resistance
MPRegen 0.13/turn               u - ring of see invisible

@: no status effects
A: horns 2, retaliatory headbutt
a: Renounce Religion, Heroism, Finesse, Duel


You were on level 10 of the Dungeon.
You worshipped Okawaru.
Okawaru was extremely pleased with you.
You visited 2 branches of the dungeon, and saw 11 of its levels.
You also visited: Bailey.

You collected 741 gold pieces.

Inventory:

Hand Weapons
 q - the +7 short sword "Zapew" (weapon) {holy, rElec rF+ rC+ rCorr}
   (You found it on level 3 of the Dungeon)

   It has been blessed by the Shining One to cause great damage to the undead
   and demons.
   rF:        It protects you from fire.
   rC:        It protects you from cold.
   rElec:     It insulates you from electricity.
   rCorr:     It protects you from acid and corrosion.
 t - a +1 flail of protection
Missiles
 y - a throwing net (quivered)
Armour
 c - a +0 buckler (worn)
 e - a +0 plate armour (worn)
 B - a +1 cloak (worn)
Jewellery
 s - a ring of poison resistance (left hand)
 u - a ring of see invisible (right hand)
 E - a ring of magical power
 F - a ring of protection from fire
Wands
 d - a wand of paralysis (13)
 j - a wand of mindburst (17)
 l - a wand of acid (9)
 r - a wand of flame (7)
Scrolls
 m - 3 scrolls of amnesia
 v - 4 scrolls of fear
 x - 3 scrolls of teleportation
 D - a scroll of enchant armour {unknown}
 H - a scroll of fog {unknown}
 I - 2 scrolls of enchant weapon {unknown}
 J - a scroll of identify
Potions
 a - a potion of flight
 b - 4 potions of cancellation
 f - a potion of resistance
 g - a potion of attraction
 h - 2 potions of heal wounds
 i - a potion of berserk rage
 k - 2 potions of brilliance
 n - 4 potions of curing
 o - 6 potions of magic {unknown}
 p - 2 potions of degeneration {unknown}
 w - 2 potions of haste {unknown}
 z - a potion of invisibility {unknown}
 A - 3 potions of might
 C - a potion of lignification {unknown}
 G - 2 potions of mutation {unknown}


   Skills:
 - Level 14.0 Fighting
 - Level 8.0 Short Blades
 - Level 6.0 Maces & Flails
 - Level 10.0 Armour
 + Level 7.5 Dodging
 - Level 4.0 Shields
 - Level 5.0 Invocations


You had 10 spell levels left.
You didn't know any spells.
Your spell library contained the following spells:

 Spells                   Type           Power      Damage    Failure   Level
 Foxfire                  Conj/Fire      0%         2x1d4     99%         1
 Corpse Rot               Necr/Air       0%         N/A       100%        2
 Ensorcelled Hibernation  Hex/Ice        0%         N/A       100%        2
 Conjure Flame            Conj/Fire      0%         6-21      100%        3
 Ignite Poison            Fire/Tmut/Pois 0%         N/A       100%        3
 Inner Flame              Hex/Fire       0%         N/A       100%        3
 Ozocubu's Armour         Ice            0%         N/A       100%        3
 Spider Form              Tmut/Pois      0%         N/A       100%        3
 Dispel Undead            Necr           0%         3d6       100%        4
 Flame Wave               Conj/Fire      0%         2d4       100%        4
 Sticky Flame             Conj/Fire      0%         2d3       100%        4
 Blade Hands              Tmut           0%         N/A       100%        5
 Iron Shot                Conj/Erth      0%         9d1       100%        6
 Ozocubu's Refrigeration  Ice            0%         4d5       100%        7
 Animate Armour           Summ/Erth      Unusable   N/A       N/A         4
 Death Channel            Necr           Unusable   N/A       N/A         6

Dungeon Overview and Level Annotations

Branches:
Dungeon (10/15)            Temple (1/1) D:6            Lair (0/6) D:9
    Orc (0/2) D:9          Bailey (visited)

Altars:
Ashenzari
Cheibriados
Elyvilon
Fedhas
Gozag
Hepliaklqana
Kikubaaqudgha
Makhleb
Okawaru
Qazlal
Ru
Sif Muna
Trog
Uskayaw
Vehumet
Wu Jian
Xom
Yredelemnul
The Shining One

Shops:
D:7 [

Annotations:
D:9 2 transporters, SnakkuSnakku7's ghost, novice DDHu


Innate Abilities, Weirdness & Mutations

You have a pair of horns on your head.
You reflexively headbutt those who attack you in melee.


Message History

The two-headed ogre is lightly wounded.
The two-headed ogre hits you with a +0 giant spiked club!!
The two-headed ogre hits you with a +0 giant spiked club!
You hit the two-headed ogre.
The two-headed ogre is lightly wounded.
You puncture the two-headed ogre!
The two-headed ogre is moderately wounded.
The two-headed ogre hits you with a +0 giant spiked club!
The two-headed ogre hits you with a +0 giant spiked club!!
* * * LOW HITPOINT WARNING * * *
You are too injured to fight recklessly!
You are too injured to fight recklessly!
You are too injured to fight recklessly!
You hit the two-headed ogre but do no damage.
The two-headed ogre is moderately wounded.
You hit the two-headed ogre.
Your headbutt misses the two-headed ogre.
The two-headed ogre is moderately wounded.
The two-headed ogre hits you with a +0 giant spiked club!
* * * LOW HITPOINT WARNING * * *
The two-headed ogre hits you with a +0 giant spiked club!
* * * LOW HITPOINT WARNING * * *
You hit the two-headed ogre.
Your headbutt misses the two-headed ogre.
The two-headed ogre is moderately wounded.
You hit the two-headed ogre.
You headbutt the two-headed ogre, but do no damage.
The two-headed ogre is moderately wounded.
You block the two-headed ogre's attack. x2
You puncture the two-headed ogre!
The two-headed ogre is heavily wounded.
The two-headed ogre hits you but does no damage. x2
You hit the two-headed ogre. You headbutt the two-headed ogre.
The two-headed ogre is severely wounded.
You puncture the two-headed ogre!
The two-headed ogre is almost dead.
The two-headed ogre hits you with a +0 giant spiked club!
* * * LOW HITPOINT WARNING * * *
The two-headed ogre hits you with a +0 giant spiked club!
You die...

##.....................#...≈##)##
.......................##..≈#...#
....................^......≈#.∩.#
...........................≈#...#
##.....................##..≈#####
##.........<.......#.......≈≈≈≈≈≈
#..................##............
.>............>....#.............
................@O..# ..........
........###....#.................
.........##....#.................
.....................###.........
.................#...# ..........
.................##..# .........#
.>...........#.... ..# ..........
..........# ##... ..# .........
.......#### .#.......


You could see a two-headed ogre.

Vanquished Creatures
  2 vault guards (Bailey)
  A centaur warrior (D:10)
  2 two-headed ogres (D:10)
  Maurice (D:8)
  A centaur zombie (D:10)
  A komodo dragon (D:10)
  Prince Ribbit (Bailey)
  A troll (D:9)
  A wyvern (D:9)
  10 yaks
  6 humans (Bailey)
  A steam dragon (D:9)
  Eustachio (D:6)
  A basilisk (D:9)
  Grum (D:8)
  Duvessa (D:6)
  A water moccasin (D:7)
  8 orc warriors
  2 black bears
  A sky beast (D:8)
  An ogre (D:5)
  2 wolves (D:8)
  2 centaurs
  A phantom (D:6)
  3 kobold brigands
  Blork the orc (D:6)
  10 bullfrogs
  A gnoll sergeant (D:9)
  A scorpion (D:4)
  Dowan (D:6)
  A wyvern skeleton (D:6)
  6 killer bees (D:8)
  A howler monkey (D:4)
  6 crimson imps (D:9)
  3 jellies
  2 hounds
  3 gnoll shamans
  2 orc priests (D:9)
  A centaur skeleton (D:7)
  3 iguanas
  9 orc wizards
  A hound skeleton (D:5)
  7 adders
  A howler monkey skeleton (D:7)
  17 gnolls
  4 white imps
  An ufetubus (D:5)
  3 dart slugs
  65 orcs
  4 endoplasms
  4 giant cockroaches
  13 goblins
  9 hobgoblins
  12 jackals
  14 kobolds
  4 quokkas
  6 ball pythons
  5 bats
  4 frilled lizards
  A jackal skeleton (D:4)
  6 rats
285 creatures vanquished.

Vanquished Creatures (others)
  8 plants (D:6)
8 creatures vanquished.

Grand Total: 293 creatures vanquished

Notes
Turn   | Place    | Note
-------+----------+-------------------------------------------
     0 | D:1      | blank1 the Minotaur Fighter began the quest for the Orb.
     0 | D:1      | Reached XP level 1. HP: 19/19 MP: 0/0
   315 | D:1      | Reached XP level 2. HP: 24/27 MP: 1/1
   624 | D:1      | Reached skill level 1 in Dodging
  1007 | D:1      | Reached skill level 4 in Fighting
  1007 | D:1      | Reached XP level 3. HP: 33/33 MP: 2/2
  2144 | D:2      | Reached XP level 4. HP: 34/40 MP: 3/3
  2273 | D:3      | Identified the +7 short sword "Zapew" {holy, rElec rF+ rC+
                  | rCorr}
  2318 | D:3      | Found a faded altar of an unknown god.
  2612 | D:4      | Noticed a scorpion
  2620 | D:4      | Killed a scorpion
  2621 | D:4      | Reached skill level 1 in Short Blades
  2621 | D:4      | Reached XP level 5. HP: 41/47 MP: 4/4
  2811 | D:4      | Reached skill level 5 in Fighting
  2811 | D:4      | Reached skill level 5 in Maces & Flails
  2831 | D:4      | Reached XP level 6. HP: 30/56 MP: 5/5
  3432 | D:5      | Entered Level 5 of the Dungeon
  4112 | D:6      | Noticed Blork the orc
  4120 | D:6      | Killed Blork the orc
  4121 | D:6      | Reached XP level 7. HP: 62/62 MP: 6/6
  4327 | D:6      | Reached skill level 6 in Fighting
  4846 | D:6      | Noticed Dowan
  4846 | D:6      | Noticed Duvessa
  4862 | D:6      | Killed Duvessa
  4863 | D:6      | Reached skill level 5 in Armour
  4864 | D:6      | Killed Dowan
  4919 | D:6      | Noticed Eustachio
  5234 | D:6      | Killed Eustachio
  5235 | D:6      | Reached XP level 8. HP: 51/71 MP: 7/7
  5429 | D:6      | Reached skill level 7 in Fighting
  5429 | D:6      | Reached skill level 5 in Short Blades
  5483 | D:6      | Found a staircase to the Ecumenical Temple.
  5510 | Temple   | Entered the Ecumenical Temple
  5655 | Temple   | Became a worshipper of Warmaster Okawaru
  5849 | D:6      | Reached skill level 1 in Invocations
  6493 | D:7      | Found Minaiste's Antique Armour Shop.
  6757 | D:7      | Reached skill level 8 in Fighting
  7014 | D:7      | Found a stormy altar of Qazlal.
  7014 | D:7      | Found a broken altar of Ashenzari.
  7247 | D:8      | Reached * piety under Okawaru
  7306 | D:8      | Reached XP level 9. HP: 66/81 MP: 11/11
  7308 | D:8      | Reached skill level 5 in Invocations
  7516 | D:8      | Noticed Maurice
  7516 | D:8      | Noticed Grum
  7529 | D:8      | Killed Grum
  7541 | D:8      | HP: 4/82 [wolf[Grum] (8)]
  7795 | D:8      | Paralysed by Maurice for 3 turns
  7816 | D:8      | Killed Maurice
  7816 | D:8      | Reached ** piety under Okawaru
  7817 | D:8      | Reached skill level 9 in Fighting
  8172 | D:9      | Found a staircase to the Orcish Mines.
  8262 | D:9      | Reached skill level 10 in Fighting
  8411 | D:9      | Found a staircase to the Lair.
  8576 | D:9      | Noticed a troll
  8626 | D:9      | Killed a troll
  8627 | D:9      | Reached skill level 5 in Dodging
  8627 | D:9      | Reached XP level 10. HP: 28/94 MP: 12/12
  8976 | D:8      | Reached *** piety under Okawaru
  9202 | D:9      | Reached skill level 11 in Fighting
  9686 | D:9      | Found a bloodstained altar of Trog.
  9686 | D:9      | Noticed a deep troll
  9692 | D:9      | Found a transporter.
  9696 | D:9      | Noticed a two-headed ogre
  9700 | D:9      | Noticed SnakkuSnakku7's ghost (novice DDHu)
  9707 | D:9      | Found a transporter.
  9707 | D:9      | Noticed a moth of wrath
 10081 | D:10     | Entered Level 10 of the Dungeon
 10110 | D:9      | Reached skill level 12 in Fighting
 10533 | D:10     | Noticed a centaur warrior
 10544 | D:10     | Killed a centaur warrior
 10569 | D:10     | Found a flagged portal.
 10583 | Bailey   | Entered a bailey
 10972 | Bailey   | Reached **** piety under Okawaru
 11226 | Bailey   | Noticed a vault guard
 11226 | Bailey   | Noticed Prince Ribbit
 11267 | Bailey   | Killed a vault guard
 11268 | Bailey   | Reached skill level 13 in Fighting
 11268 | Bailey   | Reached XP level 11. HP: 85/107 MP: 6/13
 11276 | Bailey   | Killed Prince Ribbit
 11398 | Bailey   | Noticed a vault guard
 11421 | Bailey   | Killed a vault guard
 11422 | Bailey   | Reached skill level 10 in Armour
 11609 | D:10     | Noticed a two-headed ogre
 11628 | D:9      | Reached ***** piety under Okawaru
 11780 | D:10     | Noticed a two-headed ogre
 11797 | D:10     | Killed a two-headed ogre
 11798 | D:10     | Reached skill level 14 in Fighting
 11869 | D:10     | Killed a two-headed ogre
 12095 | D:10     | Identified the +0 rapier of Disorder {spect, Str+3}
                  | (Okawaru gifted it to you on level 10 of the Dungeon)
 12095 | D:10     | Received a gift from Okawaru
 12388 | D:10     | Noticed a two-headed ogre
 12401 | D:10     | Slain by a two-headed ogre

Illustrated notes

Levels and vault maps discovered:
D:1:      lemuel_arrival_room, layout_basic, minivault_27,
          minmay_split_cup_large
D:2:      layout_loops_corners, chequers_serial_rivers_small_3,
          hangedman_decor_clover_reticule
D:3:      layout_rooms, dreamdust_ecumenical_altar_statues
D:4:      layout_cave_pools
D:5:      layout_cave_pools
D:6:      layout_basic, minmay_temple_entry_gardened_gates, uniq_blork_the_orc,
          uniq_eustachio, uniq_duvessa
D:7:      layout_basic, gammafunk_temple_overflow_elements, serial_shops,
          nicolae_shop_hallway_stairs, palyth_stone_intersect
D:8:      layout_rooms, uniq_grum, uniq_maurice
D:9:      layout_roguey [special_room_orc], david_lair_generic,
          gammafunk_ghost_wrathful_warriors, minmay_nine_imps
D:10:     layout_cave_pools, enter_bailey_3, minmay_misc_feat_columns
Temple:   mainiacjoe_temple_cubbyholes

Skill      XL: |  1  2  3  4  5  6  7  8  9 10 11 |
---------------+----------------------------------+-----
Dodging        | 1 2 4 5 7 |  7.5
Fighting       | 4 5 6 8 10 13 14 | 14.0
Armour         | 4 5 8 9 10 | 10.0
Shields        | 4 |  4.0
Maces & Flails | 3 4 5 6 |  6.0
Short Blades   | 1 2 3 4 6 8 |  8.0
Invocations    | 4 5 |  5.0

Action                   |  1- 3 |  4- 6 |  7- 9 | 10-12 || total
-------------------------+-------+-------+-------+-------++-------
Melee: Flail             |    91 |    27 |       |       ||   118
       Headbutt          |    14 |    26 |    66 |    98 ||   204
       Short sword       |       |   112 |   275 |   399 ||   786
Invok: Heroism           |       |       |       |     3 ||     3
       Finesse           |       |       |       |     1 ||     1
  Use: Scroll            |       |     6 |     9 |       ||    15
       Potion            |       |       |     1 |       ||     1
Armor: Plate armour      |    57 |    76 |   121 |   126 ||   380
Dodge: Dodged            |    31 |    53 |   103 |   104 ||   291
Block: Buckler           |    18 |    22 |    52 |    66 ||   158

Table legend: (Time is in decaauts)
 A = Elapsed time spent in this place.
 B = Non-inter-level travel time spent in this place.
 C = Inter-level travel time spent in this place.
 D = Time resting spent in this place.
 E = Time spent auto-exploring this place.
 F = Levels seen in this place.
 G = Mean time per level.
                   A        B        C        D        E       F      G
               +--------+--------+--------+--------+--------+-----+--------+
         Total |  12291 |  11977 |    314 |   2629 |   7145 |  12 | 1024.2 |
       Dungeon |  11128 |  10846 |    282 |   2182 |   6668 |  10 | 1112.8 |
        Temple |    294 |    262 |     32 |      0 |    249 |   1 |  294.0 |
        Bailey |    868 |    868 |      0 |    447 |    227 |   1 |  868.0 |
               +--------+--------+--------+--------+--------+-----+--------+

Top non-repeatable levels by time:
     D:9: 2020 daAuts
     D:6: 1275 daAuts
     D:7: 1201 daAuts
     D:5: 1189 daAuts
     D:1: 1125 daAuts
     D:2: 1079 daAuts
     D:8: 1039 daAuts
    D:10: 925 daAuts
  Bailey: 868 daAuts
     D:4: 728 daAuts
     D:3: 544 daAuts
  Temple: 294 daAuts
